HSSL
OTSEGO HS BULLDOGS @ BUCHANAN HS
04/21/2023
 
TOP OF THE 1ST
Otsego HS Bulldogs batting - Pitching for Buchanan HS : RHP Jimmy Márquez
Pitching: RHP Jimmy Márquez
Batting: RHB Carl O'Dell 0-0: Ball
1-0: Ball
2-0: Called Strike
2-1: Ball
3-1: SOLO HOME RUN (Flyball, 7LD), Distance : 343 ft
Batting: RHB J.T. Paull 0-0: Swinging Strike
0-1: Foul Ball, location: 2F
0-2: Strikes out swinging
Batting: LHB Ken Nelson 0-0: Ball
1-0: Foul Ball, location: 2F
1-1: Foul Ball, location: 2F
1-2: Ball
2-2: Ball
3-2: Foul Ball, location: 2F
3-2: Foul Ball, location: 2F
3-2: Ground out U3 (Groundball, 3)
Batting: LHB Tom Hall 0-0: Ball
1-0: Foul Ball, location: 2F
1-1: Foul Ball, location: 2F
1-2: Ball
2-2: Ball
3-2: Foul Ball, location: 2F
3-2: Foul Ball, location: 2F
3-2: Base on Balls
Batting: RHB Dave Marshall 0-0: Ball
Pickoff Throw to First - Out!
Top of the 1st over - 1 run(s), 1 hit(s), 0 error(s), 0 left on base; Otsego HS 1 - Buchanan HS 0
BOTTOM OF THE 1ST
Buchanan HS batting - Pitching for Otsego HS Bulldogs : LHP Logan Brown
Pitching: LHP Logan Brown
Batting: RHB José Montoya 0-0: Ball
1-0: Ball
2-0: Ball
3-0: Base on Balls
Batting: SHB Frank Kennedy 0-0: Ball
1-0: Fly out, F5 (Line Drive, 5S)
Batting: RHB Leonardo Sinisterra 0-0: Called Strike
0-1: Foul Ball, location: 2F
Pickoff Throw to First - Error! E1
José Montoya to second
0-2: Strikes out looking
Batting: RHB Jason Stover 0-0: Fly out, F9 (Flyball, 89S)
Bottom of the 1st over - 0 run(s), 0 hit(s), 1 error(s), 1 left on base; Otsego HS 1 - Buchanan HS 0
TOP OF THE 2ND
Otsego HS Bulldogs batting - Pitching for Buchanan HS : RHP Jimmy Márquez
Batting: RHB Dave Marshall 0-0: Foul Ball, location: 2F
0-1: Ball
1-1: Ball
2-1: Ball
3-1: Base on Balls
Batting: LHB Peter Puckett 0-0: Foul Ball, location: 2F
0-1: Ball
1-1: Ball
2-1: Foul Ball, location: 2F
2-2: Foul Ball, location: 2F
2-2: Ball
3-2: Reached on error, E5 (Groundball, 5S)
Dave Marshall to second
Batting: LHB Carl Hayden 0-0: SINGLE (Line Drive, 8RS)
Dave Marshall to third
Peter Puckett to second
Batting: RHB Daniel Dillard 0-0: Ball
1-0: Ball
2-0: Ball
3-0: Called Strike
3-1: Base on Balls
Dave Marshall scores
Peter Puckett to third
Carl Hayden to second
Batting: RHB Jorge López 0-0: Called Strike
0-1: Foul Ball, location: 2F
0-2: Fly out, F9 (Flyball, 9M)
Runner from 3rd tags up, SCORES, throw made
Batting: RHB Carl O'Dell 0-0: Foul Ball, location: 2F
0-1: Ball
1-1: Foul Ball, location: 2F
1-2: Strikes out swinging
Batting: RHB J.T. Paull 0-0: Ball
1-0: Ball
2-0: Ball
3-0: Called Strike
3-1: Base on Balls
Carl Hayden to third
Daniel Dillard to second
Batting: LHB Ken Nelson 0-0: Foul Ball, location: 2F
0-1: Ball
1-1: Foul Ball, location: 2F
1-2: Ball
2-2: Foul Ball, location: 2F
2-2: Foul Ball, location: 2F
2-2: Ball
3-2: Base on Balls
Carl Hayden scores
Daniel Dillard to third
J.T. Paull to second
Batting: LHB Tom Hall 0-0: Called Strike
0-1: Ball
1-1: Ball
2-1: Called Strike
2-2: Foul Ball, location: 2F
2-2: Ball
3-2: Base on Balls
Daniel Dillard scores
J.T. Paull to third
Ken Nelson to second
Batting: RHB Dave Marshall 0-0: Ball
1-0: Ball
2-0: SINGLE (Flyball, 9S)
J.T. Paull scores
Ken Nelson to third
Tom Hall to second
Runner from 3rd tries for Home, SAFE, no throw or cutoff
Batting: LHB Peter Puckett 0-0: Ball
1-0: Ball
2-0: Called Strike
2-1: Ball
3-1: Base on Balls
Tom Hall to third
Dave Marshall to second
Batting: LHB Carl Hayden 0-0: Called Strike
0-1: Swinging Strike
0-2: Strikes out swinging
Top of the 2nd over - 6 run(s), 2 hit(s), 1 error(s), 3 left on base; Otsego HS 7 - Buchanan HS 0
BOTTOM OF THE 2ND
Buchanan HS batting - Pitching for Otsego HS Bulldogs : LHP Logan Brown
Batting: RHB Matt Rodríguez 0-0: Ball
1-0: Foul Ball, location: 2F
1-1: Foul Ball, location: 2F
1-2: Ball
2-2: Strikes out looking
Batting: RHB Ken Miller 0-0: Swinging Strike
0-1: Ball
1-1: Ball
2-1: Foul Ball, location: 2F
2-2: Strikes out swinging
Batting: LHB Andrew Lockhart 0-0: Foul Ball, location: 2F
0-1: Foul Ball, location: 2F
0-2: Strikes out swinging
Bottom of the 2nd over - 0 run(s), 0 hit(s), 0 error(s), 0 left on base; Otsego HS 7 - Buchanan HS 0
TOP OF THE 3RD
Otsego HS Bulldogs batting - Pitching for Buchanan HS : RHP Jimmy Márquez
Pitching: RHP Mark Harris
Batting: RHB Daniel Dillard 0-0: Ball
1-0: Foul Ball, location: 2F
1-1: SINGLE (Groundball, 56D)
Batting: RHB Jorge López 0-0: Called Strike
0-1: Ball
1-1: Foul Ball, location: 2F
1-2: Foul Ball, location: 2F
1-2: Ball
2-2: Ball
3-2: Base on Balls
Daniel Dillard to second
Batting: RHB Carl O'Dell 0-0: Ball
1-0: Foul Ball, location: 2F
1-1: Ball
2-1: Grounds into double play, 6-4-3 (Groundball, 6)
Daniel Dillard to third
Batting: RHB J.T. Paull 0-0: Ball
1-0: Called Strike
1-1: Ball
2-1: Foul Ball, location: 2F
2-2: Foul Ball, location: 2F
2-2: Strikes out looking
Top of the 3rd over - 0 run(s), 1 hit(s), 0 error(s), 1 left on base; Otsego HS 7 - Buchanan HS 0
BOTTOM OF THE 3RD
Buchanan HS batting - Pitching for Otsego HS Bulldogs : LHP Logan Brown
Batting: RHB Mike Willis 0-0: Called Strike
0-1: Foul Ball, location: 2F
0-2: Strikes out looking
Batting: RHB Ron Hale 0-0: Called Strike
0-1: Ball
1-1: Hit by Pitch
Batting: RHB José Montoya 0-0: Called Strike
0-1: Foul Ball, location: 2F
0-2: Ball
1-2: Foul Ball, location: 2F
1-2: Ball
Ron Hale steals 2nd base
2-2: Foul Ball, location: 2F
2-2: Ball
3-2: Reached on Error, E9 (Flyball, 9M)
Ron Hale to third
Batting: SHB Frank Kennedy 0-0: Ball
José Montoya is caught stealing 2nd base
1-0: Ground out 4-3 (Groundball, 4)
Bottom of the 3rd over - 0 run(s), 0 hit(s), 1 error(s), 1 left on base; Otsego HS 7 - Buchanan HS 0
TOP OF THE 4TH
Otsego HS Bulldogs batting - Pitching for Buchanan HS : RHP Mark Harris
Batting: LHB Ken Nelson 0-0: Ball
1-0: Foul Ball, location: 2F
1-1: Called Strike
1-2: Strikes out swinging
Batting: LHB Tom Hall 0-0: Ball
1-0: Called Strike
1-1: Foul Ball, location: 2F
1-2: Ball
2-2: Fly out, F7 (Flyball, 78M)
Batting: RHB Dave Marshall 0-0: SINGLE (Groundball, 5)
Batting: LHB Peter Puckett 0-0: Ball
Dave Marshall is caught stealing 2nd base
Top of the 4th over - 0 run(s), 1 hit(s), 0 error(s), 0 left on base; Otsego HS 7 - Buchanan HS 0
BOTTOM OF THE 4TH
Buchanan HS batting - Pitching for Otsego HS Bulldogs : LHP Logan Brown
Batting: RHB Leonardo Sinisterra 0-0: Ball
1-0: Ball
2-0: Ball
3-0: Called Strike
3-1: Base on Balls
Batting: RHB Jason Stover 0-0: Foul Ball, location: 2F
0-1: Swinging Strike
0-2: Ball
1-2: Ball
Leonardo Sinisterra steals 2nd base
2-2: Foul Ball, location: 2F
Single, Error in OF, E7, batter to second base
Leonardo Sinisterra scores
Batting: RHB Matt Rodríguez 0-0: Called Strike
0-1: Swinging Strike
0-2: Foul Ball, location: 2F
0-2: Ball
1-2: Ball
2-2: Ground out 4-3 (Groundball, 4M)
Jason Stover to third
Batting: RHB Ken Miller 0-0: Called Strike
0-1: SINGLE (Groundball, 6MD)
Jason Stover scores
Batting: LHB Andrew Lockhart 0-0: Called Strike
0-1: SINGLE (Groundball, 34D) - runner OUT being hit by batted ball.
Batting: RHB Mike Willis 0-0: Called Strike
0-1: Swinging Strike
0-2: Ball
1-2: Strikes out swinging
Bottom of the 4th over - 2 run(s), 3 hit(s), 1 error(s), 1 left on base; Otsego HS 7 - Buchanan HS 2
TOP OF THE 5TH
Otsego HS Bulldogs batting - Pitching for Buchanan HS : RHP Mark Harris
Batting: LHB Peter Puckett 0-0: Foul Ball, location: 2F
0-1: Ball
1-1: Ground out 4-3 (Groundball, 4)
Batting: LHB Carl Hayden 0-0: Ball
1-0: Foul Ball, location: 2F
1-1: Ball
2-1: Swinging Strike
2-2: Foul Ball, location: 2F
2-2: Fly out, F5 (Popup, 5SF)
Batting: RHB Daniel Dillard 0-0: Ball
1-0: Swinging Strike
1-1: Called Strike
1-2: Ball
2-2: Ball
3-2: Base on Balls
Batting: RHB Jorge López 0-0: Ball
1-0: Foul Ball, location: 2F
1-1: Swinging Strike
1-2: Foul Ball, location: 2F
1-2: Ball
2-2: Strikes out looking
Top of the 5th over - 0 run(s), 0 hit(s), 0 error(s), 1 left on base; Otsego HS 7 - Buchanan HS 2
BOTTOM OF THE 5TH
Buchanan HS batting - Pitching for Otsego HS Bulldogs : LHP Logan Brown
Batting: RHB Ron Hale 0-0: SINGLE (Groundball, 6D)
Batting: RHB José Montoya 0-0: Called Strike
0-1: Ball
1-1: Fly out, F8 (Flyball, 8LM)
Batting: SHB Frank Kennedy 0-0: Ball
1-0: Ball
2-0: SINGLE (Groundball, 34D)
Ron Hale to second
Runner from 2nd tries for 3rd, SAFE, no throw or cutoff
Batting: RHB Leonardo Sinisterra 0-0: Called Strike
0-1: SINGLE (Line Drive, 3)
Ron Hale scores
Frank Kennedy to second
Batting: RHB Jason Stover 0-0: Ball
1-0: Ball
2-0: Ball
3-0: Called Strike
3-1: Base on Balls
Frank Kennedy to third
Leonardo Sinisterra to second
Batting: RHB Matt Rodríguez 0-0: Called Strike
0-1: Foul Ball, location: 2F
0-2: Ball
1-2: Foul Ball, location: 2F
1-2: Foul Ball, location: 2F
1-2: Foul Ball, location: 2F
1-2: Strikes out swinging
Pitching: RHP Mike Spencer
Batting: RHB Ken Miller 0-0: Called Strike
0-1: Ball
1-1: Ball
2-1: Foul Ball, location: 2F
2-2: SINGLE (Line Drive, 56D)
Frank Kennedy scores
Leonardo Sinisterra to third
Jason Stover to second
Runner from 3rd tries for Home, SAFE, no throw or cutoff
Batting: LHB Andrew Lockhart 0-0: Ball
1-0: Foul Ball, location: 2F
1-1: Foul Ball, location: 2F
1-2: Foul Ball, location: 2F
1-2: Foul Ball, location: 2F
1-2: Strikes out looking
Bottom of the 5th over - 3 run(s), 4 hit(s), 0 error(s), 2 left on base; Otsego HS 7 - Buchanan HS 5
TOP OF THE 6TH
Otsego HS Bulldogs batting - Pitching for Buchanan HS : RHP Mark Harris
Pitching: LHP William Romero
Batting: RHB Carl O'Dell 0-0: Called Strike
0-1: Ball
1-1: Swinging Strike
1-2: Strikes out swinging
Batting: RHB J.T. Paull 0-0: Called Strike
0-1: Swinging Strike
0-2: Ball
1-2: Ball
2-2: Foul Ball, location: 2F
2-2: Ball
3-2: Strikes out swinging
Batting: LHB Ken Nelson 0-0: Swinging Strike
0-1: Ball
1-1: Ball
2-1: Ball
3-1: Foul Ball, location: 2F
3-2: Foul Ball, location: 2F
3-2: Base on Balls
Batting: LHB Tom Hall 0-0: Called Strike
0-1: Ground out 6-3 (Groundball, 6)
Top of the 6th over - 0 run(s), 0 hit(s), 0 error(s), 1 left on base; Otsego HS 7 - Buchanan HS 5
BOTTOM OF THE 6TH
Buchanan HS batting - Pitching for Otsego HS Bulldogs : RHP Mike Spencer
Batting: RHB Mike Willis 0-0: Called Strike
0-1: Swinging Strike
0-2: Ball
1-2: Foul Ball, location: 2F
1-2: Ground out U3 (Groundball, 3S)
Batting: RHB Ron Hale 0-0: Called Strike
0-1: Swinging Strike
0-2: SINGLE (Groundball, 56)
Batting: RHB José Montoya 0-0: Called Strike
0-1: Foul Ball, location: 2F
0-2: Strikes out swinging
Batting: SHB Frank Kennedy 0-0: Ball
1-0: Called Strike
1-1: Ball
2-1: Swinging Strike
2-2: Ball
3-2: Strikes out swinging
Bottom of the 6th over - 0 run(s), 1 hit(s), 0 error(s), 1 left on base; Otsego HS 7 - Buchanan HS 5
TOP OF THE 7TH
Otsego HS Bulldogs batting - Pitching for Buchanan HS : LHP William Romero
Batting: RHB Dave Marshall 0-0: Called Strike
0-1: Ball
1-1: Foul Ball, location: 2F
1-2: Ground out 6-3 (Groundball, 6)
Batting: LHB Peter Puckett 0-0: Ball
1-0: Ball
2-0: Called Strike
2-1: Ball
3-1: Base on Balls
Pitching: RHP Robby MacRae
Batting: LHB Carl Hayden 0-0: Ball
1-0: Fly out, F9 (Flyball, 9M)
Batting: RHB Daniel Dillard 0-0: Foul Ball, location: 2F
0-1: Ball
1-1: Swinging Strike
1-2: Foul Ball, location: 2F
1-2: Foul Ball, location: 2F
1-2: Ball
2-2: Ball
3-2: Strikes out looking
Top of the 7th over - 0 run(s), 0 hit(s), 0 error(s), 1 left on base; Otsego HS 7 - Buchanan HS 5
BOTTOM OF THE 7TH
Buchanan HS batting - Pitching for Otsego HS Bulldogs : RHP Mike Spencer
Batting: RHB Leonardo Sinisterra 0-0: Ball
1-0: Foul Ball, location: 2F
1-1: Fly out, F4 (Popup, 6MD)
Batting: RHB Jason Stover 0-0: Called Strike
0-1: Ball
1-1: Ball
2-1: Swinging Strike
2-2: Ball
3-2: Base on Balls
Pitching: RHP Brian Hankins
Batting: RHB Matt Rodríguez 0-0: Ball
1-0: Called Strike
1-1: Foul Ball, location: 2F
1-2: Ball
2-2: Ball
3-2: Strikes out looking
Batting: RHB Ken Miller 0-0: Called Strike
0-1: Ball
1-1: Ball
2-1: Ball
3-1: Base on Balls
Jason Stover to second
Batting: LHB Andrew Lockhart 0-0: Fly out, F4 (Popup, 4D)
Bottom of the 7th over - 0 run(s), 0 hit(s), 0 error(s), 2 left on base; Otsego HS 7 - Buchanan HS 5
TOP OF THE 8TH
Otsego HS Bulldogs batting - Pitching for Buchanan HS : RHP Robby MacRae
Batting: RHB Jorge López 0-0: Ball
1-0: Ball
2-0: Fly out, F3 (Popup, 34S)
Batting: RHB Carl O'Dell 0-0: Called Strike
0-1: Ball
1-1: DOUBLE (Flyball, 8RM)
Batting: RHB J.T. Paull 0-0: Called Strike
0-1: Foul Ball, location: 2F
0-2: Ball
1-2: Reached on error, E5 (Groundball, 56S)
Carl O'Dell to third
Batting: LHB Ken Nelson 0-0: Ball
1-0: Called Strike
1-1: Ball
2-1: Ball
3-1: Foul Ball, location: 2F
3-2: Fly out, F8 (Flyball, 8LM)
Runner from 3rd tags up, SCORES, no throw
Batting: LHB Tom Hall 0-0: Ball
J.T. Paull steals 2nd base
1-0: Foul Ball, location: 2F
1-1: Ball
2-1: Ball
3-1: Base on Balls
Batting: RHB Dave Marshall 0-0: Swinging Strike
0-1: Ball
1-1: SINGLE (Flyball, 8LM)
J.T. Paull to third
Tom Hall to second
Runner from 3rd tries for Home, SAFE, no throw or cutoff
Batting: LHB Peter Puckett 0-0: Called Strike
0-1: Foul Ball, location: 2F
0-2: Ball
1-2: Ball
2-2: Fly out, F9 (Flyball, 9M)
Top of the 8th over - 2 run(s), 2 hit(s), 1 error(s), 2 left on base; Otsego HS 9 - Buchanan HS 5
BOTTOM OF THE 8TH
Buchanan HS batting - Pitching for Otsego HS Bulldogs : RHP Brian Hankins
Batting: RHB Mike Willis 0-0: Fly out, F8 (Flyball, 8RM)
Batting: RHB Ron Hale 0-0: Ball
1-0: Ball
2-0: Called Strike
2-1: Fly out, F8 (Flyball, 8RM)
Batting: RHB José Montoya 0-0: Called Strike
0-1: Ball
1-1: Swinging Strike
1-2: Strikes out looking
Bottom of the 8th over - 0 run(s), 0 hit(s), 0 error(s), 0 left on base; Otsego HS 9 - Buchanan HS 5
TOP OF THE 9TH
Otsego HS Bulldogs batting - Pitching for Buchanan HS : RHP Robby MacRae
Batting: LHB Carl Hayden 0-0: Ball
1-0: Called Strike
1-1: Fly out, F8 (Flyball, 8LM)
Batting: RHB Daniel Dillard 0-0: Called Strike
0-1: Reached on Error, E7 (Flyball, 7LM)
Batting: RHB Jorge López 0-0: Called Strike
0-1: Ball
1-1: Ball
2-1: Swinging Strike
2-2: Ball
3-2: Foul Ball, location: 2F
3-2: Base on Balls
Daniel Dillard to second
Pitching: RHP Miguel Martínez
Batting: RHB Carl O'Dell 0-0: Ball
1-0: Called Strike
1-1: Swinging Strike
1-2: Ball
2-2: Foul Ball, location: 2F
2-2: Ball
3-2: Base on Balls
Daniel Dillard to third
Jorge López to second
Batting: RHB J.T. Paull 0-0: Grounds into double play, 5-4-3 (Groundball, 56)
Top of the 9th over - 0 run(s), 0 hit(s), 1 error(s), 2 left on base; Otsego HS 9 - Buchanan HS 5
BOTTOM OF THE 9TH
Buchanan HS batting - Pitching for Otsego HS Bulldogs : RHP Brian Hankins
Batting: SHB Frank Kennedy 0-0: Ball
1-0: Ball
2-0: Ball
3-0: Base on Balls
Batting: RHB Leonardo Sinisterra 0-0: Ball
1-0: Ball
2-0: Called Strike
2-1: Ball
3-1: Foul Ball, location: 2F
3-2: Base on Balls
Frank Kennedy to second
Pitching: LHP Chet Scott
Batting: RHB Jason Stover 0-0: Foul Ball, location: 2F
0-1: Ball
1-1: SINGLE (Line Drive, 9S)
Frank Kennedy to third
Leonardo Sinisterra to second
Batting: RHB Matt Rodríguez 0-0: Ball
1-0: Fielders Choice at 2nd, 6-4 (Groundball, 56)
Frank Kennedy scores
Leonardo Sinisterra to third
Batting: RHB Ken Miller 0-0: Ball
1-0: Ball
2-0: SINGLE (Line Drive, 78M)
Leonardo Sinisterra scores
Matt Rodríguez to second
Batting: LHB Andrew Lockhart 0-0: Called Strike
0-1: Fly out, F7 (Flyball, 7LMF)
0-1: Fly out, F7 (Flyball, 7LMF)
Batting: RHB Mike Willis 0-0: Called Strike
0-1: SINGLE (Line Drive, 6MD)
Matt Rodríguez to third
Ken Miller to second
Batting: RHB Ron Hale 0-0: Called Strike
0-1: Called Strike
0-2: Ball
1-2: Strikes out swinging
Bottom of the 9th over - 2 run(s), 3 hit(s), 0 error(s), 3 left on base; Otsego HS 9 - Buchanan HS 7
This league is powered by Out of the Park Baseball, the baseball management simulation game for PC, Mac and Linux
Wednesday, December 2nd, 2015 - OOTP Baseball 16.8 Build 38